 Dungeon Crawl Stone Soup version 0.31-a0-640-g39d97e502b (webtiles) character file.

Game seed: 9852268360514444990

74365 mopl the Severer (level 15, -4/134 HPs)
             Began as a Hill Orc Fighter on Aug 27, 2023.
             Was a High Priest of Beogh.
             Slain by an enormous slime creature (50 damage)
             ... on level 12 of the Dungeon.
             The game lasted 00:37:26 (22995 turns).

mopl the Severer (Hill Orc Fighter)                Turns: 22995, Time: 00:37:27

Health: -4/134     AC: 26    Str: 21    XL:     15   Next: 46%
Magic:  17/23      EV: 10    Int:  8    God:    Beogh [*****.]
Gold:   850        SH:  0    Dex: 16    Spells: 14/14 levels left

rFire   . . .        a - +2 battleaxe (flame)
rCold   . . .        (shield currently unavailable)
rNeg    . . .        E - +0 plate armour
rPois   +            r - +0 helmet
rElec   .            b - +1 cloak
rCorr   .            M - +2 pair of gloves {hurl}
SInv    .            q - +2 pair of boots
Will    +....        m - amulet of faith {!P} Stlth
                     o - +4 ring of slaying
HPRegen 0.42/turn    Y - ring of poison resistance
MPRegen 0.18/turn

%: faith
@: no status effects
A: walk on water
a: Renounce Religion, Smiting, Recall Orcish Followers, Give Item to Named
Follower


You were on level 12 of the Dungeon.
You worshipped Beogh.
Beogh was extremely pleased with you.
You visited 4 branches of the dungeon, and saw 20 of its levels.
You also visited: Volcano.

You collected 2321 gold pieces.
You spent 1471 gold pieces at shops.

Inventory:

Hand Weapons
 a - a +2 battleaxe of flaming (weapon)
 B - a +4 spear of venom
Missiles
 p - 24 boomerangs
 C - 14 poisoned darts (quivered)
 R - 2 javelins
 S - 8 curare-tipped darts
Armour
 b - a +1 cloak (worn)
 q - a +2 pair of boots (worn)
 r - a +0 helmet (worn)
 E - a +0 plate armour (worn)
 M - a +2 pair of gloves of hurling (worn)
Jewellery
 m - an amulet of faith (around neck) {!P}
 o - a +4 ring of slaying (left hand)
 y - a ring of flight
 L - a +5 ring of evasion
 Y - a ring of poison resistance (right hand)
Wands
 e - a wand of flame (10)
 n - a wand of digging (7)
 D - a wand of paralysis (11)
 F - a wand of iceblast (11)
 Q - a wand of polymorph (5)
 V - a wand of acid (11)
 W - a wand of mindburst (23)
Scrolls
 i - a scroll of immolation
 k - 5 scrolls of fog
 l - 4 scrolls of teleportation
 s - a scroll of revelation
 u - a scroll of summoning
 z - 2 scrolls of fear
 A - 5 scrolls of identify
 G - 3 scrolls of blinking
 H - 6 scrolls of poison
 T - a scroll of vulnerability
Potions
 c - 2 potions of haste
 d - 2 potions of might
 f - 2 potions of cancellation
 g - 4 potions of curing
 j - 6 potions of magic
 v - 4 potions of heal wounds
 I - 3 potions of enlightenment
 J - 2 potions of ambrosia
 O - 5 potions of lignification {!q}
 U - 2 potions of invisibility
 Z - 4 potions of resistance
Miscellaneous
 P - a tin of tremorstones (2/2)


   Skills:
 + Level 12.5 Fighting
 * Level 17.7 Axes
 + Level 9.1 Throwing
 + Level 11.4 Armour
 + Level 8.2 Dodging
 - Level 3.2 Shields
 + Level 11.9 Invocations
 + Level 9.4 Evocations


You had 14 spell levels left.
You didn't know any spells.
Your spell library contained the following spells:

 Spells                   Type           Power      Damage    Failure   Level
 Kiss of Death            Conj/Necr      0%         2d5       99%         1
 Blink                    Tloc           0%         N/A       100%        2
 Cigotuvi's Dreadful Rot  Necr/Pois/Air  0%         N/A       100%        2
 Lesser Beckoning         Tloc           0%         N/A       100%        2
 Momentum Strike          Conj/Tloc      0%         3d8       100%        2
 Confusing Touch          Hex            0%         N/A       100%        3
 Animate Dead             Necr           0%         N/A       100%        4
 Dispel Undead            Necr           0%         3d6       100%        4
 Passage of Golubria      Tloc           0%         N/A       100%        4
 Summon Ice Beast         Ice/Summ       0%         N/A       100%        4
 Borgnjor's Vile Clutch   Necr/Erth      0%         N/A       100%        5
 Silence                  Hex/Air        0%         N/A       100%        5
 Summon Mana Viper        Hex/Summ       0%         N/A       100%        5
 Death Channel            Necr           0%         N/A       100%        6
 Monstrous Menagerie      Summ           0%         N/A       100%        7
 Lehudib's Crystal Spear  Conj/Erth      0%         10d2      100%        8


Dungeon Overview and Level Annotations

Branches:
Dungeon (12/15)            Temple (1/1) D:7            Lair (5/5) D:11
  Swamp (0/4) Lair:2        Snake (0/4) Lair:2        Slime (0/5) Lair:4
    Orc (2/2) D:11            Elf (0/3) Orc:2       Volcano (visited)

Altars:
Ashenzari
Cheibriados
Dithmenos
Elyvilon
Fedhas
Gozag
Hepliaklqana
Kikubaaqudgha
Makhleb
Nemelex Xobeh
Okawaru
Qazlal
Ru
Sif Muna
Trog
Uskayaw
Vehumet
Wu Jian
Xom
Yredelemnul
Zin
The Shining One
Beogh
Jiyva

Shops:
D:2 !   D:5 !   D:10 *   D:11 *([!*   Orc:1 !   Orc:2 !:*=*=!!

Annotations:
Lair:3 exclusion: oklob plant
Lair:4 3 runed translucent doors, t4s4d4r's ghost, journeyman OpSh
Orc:1 2 transporters, Sutatoab's ghost, journeyman HuIE


Message History

You burn the very large slime creature.
The very large slime creature is severely wounded.
The very large slime creature hits you!!!
Two slime creatures merge to form an enormous slime creature.
You slice the enormous slime creature!! You burn the enormous slime creature.
The enormous slime creature is severely wounded.
You slice the enormous slime creature!! You burn the enormous slime creature!
The enormous slime creature is severely wounded.
The enormous slime creature hits you!!
You are too injured to fight recklessly!
You are too injured to fight recklessly!
You are too injured to fight recklessly!
You are too injured to fight recklessly!
You are too injured to fight recklessly!
You are too injured to fight recklessly!
You are too injured to fight recklessly!
You are too injured to fight recklessly!
You are too injured to fight recklessly!
You are too injured to fight recklessly!
You are too injured to fight recklessly!
You are too injured to fight recklessly!
You are too injured to fight recklessly!
You are too injured to fight recklessly!
You are too injured to fight recklessly!
You are too injured to fight recklessly!
You are too injured to fight recklessly!
Aiming: Smiting
Press: ? - help, Dir - move target, f - enormous slime creature Smite: an enormous slime creature (severely wounded)
You smite the enormous slime creature!!
The enormous slime creature is almost dead.
The enormous slime creature closely misses you.
Unknown command.
Aiming: Smiting
Press: ? - help, Dir - move target, f/p - enormous slime creature Smite: an enormous slime creature (almost dead)
You smite the enormous slime creature!!
The enormous slime creature is almost dead.
The enormous slime creature hits you!!!
You die...

#.# #.# #.# #.#
#.# #.# #J# #@#
#.# #.# #..# #.#
#.# #..# #.# #.#
#..# #.# #.# #..#
#.# #.# #..# #.#
#.# #..# #.# #.#
#..#
#.####.####..#####


You could see an enormous slime creature.

Vanquished Creatures
  Jorgrun (Orc:1)
  6 hydras
  3 catoblepae
  Erolcha (Orc:1)
  8 two-headed ogres
  A deep troll shaman (Lair:5)
  4 boulder beetles
  33 death yaks
  2 orc high priests
  Sonja (Orc:1)
  2 skysharks
  2 skeletal warriors (Volcano)
  An orc knight (Orc:2)
  3 orc sorcerers (Orc:2)
  An anaconda skeleton (Volcano)
  2 oklob plants (Lair:4)
  3 alligator skeletons (Volcano)
  5 elephants (Lair:5)
  5 black mambas
  8 gargoyles
  A torpor snail (Lair:5)
  10 cane toads
  8 komodo dragons
  3 rime drakes (Lair:4)
  A troll (D:9)
  A harpy skeleton (Volcano)
  A polar bear (Lair:5)
  7 blink frogs
  2 dream sheep (Lair:5)
  3 flying skulls (Volcano)
  2 wyverns
  A shadow (D:11)
  2 wraiths
  6 basilisks
  43 yaks
  4 wargs
  7 vampire mosquitoes (D:10)
  13 water moccasins
  An acid dragon (D:11)
  A swamp worm (Lair:2)
  A floating eye (Lair:4)
  7 orc warriors
  3 ice beasts
  8 black bears
  6 wolves (Lair:5)
  5 ogres
  2 kobold brigands (D:10)
  18 bullfrogs
  2 gnoll sergeants
  3 scorpions
  3 killer bees (D:9)
  3 spriggan skeletons (Volcano)
  A troll skeleton (Volcano)
  7 howler monkeys
  An electric eel (Lair:3)
  3 jellies
  7 orc priests
  A hound (D:4)
  2 sleepcaps
  6 iguanas
  15 orc wizards
  A naga skeleton (Volcano)
  10 gnolls
  3 adders
  A shadow imp (D:4)
  2 ufetubi
  A worm (D:3)
  A dart slug (D:2)
  48 orcs
  2 bats (D:3)
  9 endoplasms
  A giant cockroach (D:1)
  6 goblins
  9 hobgoblins
  A quokka (D:5)
  6 ball pythons
  3 frilled lizards
  13 kobolds
  9 rats
439 creatures vanquished.

Vanquished Creatures (collateral kills)
  2 orc high priests (Orc:2)
  2 orc knights (Orc:2)
  2 trolls
  2 blink frogs (Lair:4)
  5 yaks
  A swamp worm (Lair:2)
  7 orc warriors
  5 ogres
  A spriggan skeleton (Volcano)
  6 orc priests
  4 orc wizards
  6 orcs
43 creatures vanquished.

Vanquished Creatures (others)
  An orc sorcerer (Orc:2)
  8 orc priests
  8 orc warriors
  A hound (D:5)
  5 orc wizards
  30 orcs
53 creatures vanquished.

Grand Total: 535 creatures vanquished

Notes
Turn   | Place    | Note
-------+----------+-------------------------------------------
     0 | D:1      | mopl the Hill Orc Fighter began the quest for the Orb.
     0 | D:1      | Reached XP level 1. HP: 19/19 MP: 1/1
   224 | D:1      | Reached skill level 3 in Axes
   242 | D:1      | Reached XP level 2. HP: 27/27 MP: 2/2
   537 | D:1      | Reached XP level 3. HP: 28/33 MP: 3/3
   643 | D:2      | Reached skill level 4 in Fighting
   878 | D:2      | Found Goyrchij's Distillery.
   903 | D:2      | Bought a potion of berserk rage for 65 gold pieces
  1246 | D:3      | Found a faded altar of an unknown god.
  1534 | D:3      | Reached skill level 4 in Axes
  1540 | D:3      | Reached skill level 1 in Dodging
  1622 | D:3      | Found a shadowy altar of Dithmenos.
  1655 | D:3      | Reached XP level 4. HP: 40/40 MP: 4/4
  2036 | D:3      | Found a burning altar of Makhleb.
  2059 | D:3      | Found a bloodstained altar of Trog.
  2061 | D:3      | Found a radiant altar of Vehumet.
  2182 | D:4      | Noticed a scorpion
  2192 | D:4      | Killed a scorpion
  2193 | D:4      | Reached skill level 1 in Throwing
  2193 | D:4      | Reached skill level 4 in Armour
  2193 | D:4      | Reached XP level 5. HP: 34/47 MP: 5/5
  2322 | D:4      | Found a glowing golden altar of the Shining One.
  2322 | D:4      | Found a broken altar of Ashenzari.
  2551 | D:4      | Reached skill level 5 in Axes
  2947 | D:5      | Entered Level 5 of the Dungeon
  2967 | D:5      | Reached XP level 6. HP: 37/53 MP: 6/6
  3204 | D:5      | Reached skill level 1 in Evocations
  3218 | D:5      | Noticed a water moccasin
  3226 | D:5      | Killed a water moccasin
  3227 | D:5      | Reached skill level 5 in Fighting
  3227 | D:5      | Reached skill level 2 in Dodging
  3288 | D:5      | Found Ciyjul's Distillery.
  3291 | D:5      | Bought a potion of degeneration for 13 gold pieces
  3291 | D:5      | Bought a potion of curing for 39 gold pieces
  3291 | D:5      | Bought a potion of mutation for 104 gold pieces
  3328 | D:5      | Reached XP level 7. HP: 61/61 MP: 7/7
  3334 | D:5      | Became a worshipper of Beogh the Brigand
  3354 | D:5      | Reached skill level 2 in Throwing
  3367 | D:5      | Reached skill level 6 in Axes
  3920 | D:5      | Reached skill level 1 in Invocations
  4353 | D:6      | Reached skill level 2 in Evocations
  4360 | D:6      | Reached XP level 8. HP: 36/69 MP: 7/9
  4365 | D:6      | Reached skill level 2 in Invocations
  4648 | D:6      | Reached skill level 7 in Axes
  4648 | D:6      | Reached skill level 5 in Armour
  4757 | D:6      | Found an iron altar of Okawaru.
  4950 | D:6      | Reached * piety under Beogh
  4954 | D:6      | Reached skill level 6 in Fighting
  4954 | D:6      | Reached skill level 3 in Throwing
  4954 | D:6      | Reached skill level 3 in Dodging
  4992 | D:6      | Reached skill level 3 in Invocations
  5056 | D:6      | Reached skill level 3 in Evocations
  5304 | D:6      | Reached skill level 8 in Axes
  5354 | D:6      | Found a shimmering blue altar of Sif Muna.
  5674 | D:7      | Reached XP level 9. HP: 63/75 MP: 11/11
  5838 | D:7      | Reached ** piety under Beogh
  5991 | D:7      | Found a staircase to the Ecumenical Temple.
  6628 | D:8      | Reached skill level 4 in Invocations
  6894 | D:7      | HP: 3/78 [poisoned by a water moccasin]
  6897 | D:7      | HP: 1/78 [poisoned by a water moccasin]
  7505 | D:9      | Noticed a two-headed ogre
  7514 | D:9      | Killed a two-headed ogre
  7515 | D:9      | Reached skill level 7 in Fighting
  7515 | D:9      | Reached skill level 9 in Axes
  7515 | D:9      | Reached skill level 4 in Throwing
  7515 | D:9      | Reached skill level 6 in Armour
  7515 | D:9      | Reached skill level 4 in Evocations
  7667 | D:2      | Bought a potion of enlightenment for 65 gold pieces
  7667 | D:2      | Bought a potion of might for 52 gold pieces
  7667 | D:2      | Bought a potion of brilliance for 52 gold pieces
  7667 | D:2      | Bought a potion of magic for 104 gold pieces
  7837 | D:9      | Noticed a two-headed ogre
  7864 | D:9      | Killed a two-headed ogre
  7865 | D:9      | Reached skill level 4 in Dodging
  7865 | D:9      | Reached skill level 5 in Invocations
  7865 | D:9      | Reached XP level 10. HP: 8/86 MP: 13/13
  8098 | D:9      | Reached skill level 10 in Axes
  8705 | D:9      | Found a stormy altar of Qazlal.
  8707 | D:9      | Found a white marble altar of Elyvilon.
  8707 | D:9      | Found a shimmering altar of Xom.
  8709 | D:9      | Found a shimmering blue altar of Sif Muna.
  8709 | D:9      | Found a shimmering altar of Xom.
  8709 | D:9      | Found an ornate altar of the Wu Jian Council.
  8877 | D:9      | Identified the +4 hand axe of the Witching Gods {venom, rC+
                  | Str+3}
  9066 | D:10     | Entered Level 10 of the Dungeon
  9128 | D:10     | Found Luven's Assorted Antiques.
  9162 | D:10     | Bought a metallic black potion for 15 gold pieces
  9162 | D:10     | Bought a viscous cyan potion for 15 gold pieces
  9162 | D:10     | Bought a scroll labelled EXURPH QUCOKEMI for 17 gold pieces
  9162 | D:10     | Bought a scroll labelled MUFIDE HEQY for 17 gold pieces
  9162 | D:10     | Bought a scroll labelled VEFREU IVONISS for 17 gold pieces
  9162 | D:10     | Bought a scroll labelled FEWAKO TUR VUYPO for 17 gold
                  | pieces
  9166 | D:10     | Identified the +0 morningstar of Muttering Woe {holy, Fly
                  | Will+ rCorr Int+2}
  9168 | D:10     | Noticed a two-headed ogre
  9197 | D:10     | Killed a two-headed ogre
  9203 | D:10     | Reached skill level 7 in Armour
  9203 | D:10     | Reached skill level 6 in Invocations
  9240 | D:10     | Reached skill level 5 in Evocations
  9261 | D:10     | Reached skill level 5 in Throwing
  9275 | D:10     | Reached skill level 8 in Fighting
  9275 | D:10     | Reached skill level 11 in Axes
  9603 | D:10     | Noticed a boulder beetle
  9649 | D:10     | Killed a boulder beetle
  9650 | D:10     | Reached XP level 11. HP: 94/94 MP: 15/15
  9737 | D:10     | Noticed a two-headed ogre
  9741 | D:10     | Noticed a two-headed ogre
  9768 | D:10     | Killed a two-headed ogre
  9768 | D:10     | Reached *** piety under Beogh
  9777 | D:10     | Killed a two-headed ogre
  9778 | D:10     | Reached skill level 5 in Dodging
  9898 | D:10     | Noticed a two-headed ogre
  9906 | D:10     | Killed a two-headed ogre
  9907 | D:10     | Reached skill level 7 in Invocations
 10209 | D:11     | Found Koker's Distillery.
 10223 | D:11     | Bought a potion of lignification for 45 gold pieces
 10231 | D:11     | Reached skill level 12 in Axes
 10503 | D:11     | Found a staircase to the Lair.
 10507 | D:11     | Noticed a two-headed ogre
 10522 | D:11     | Noticed a two-headed ogre
 10527 | D:11     | Killed a two-headed ogre
 10528 | D:11     | Reached skill level 8 in Armour
 10528 | D:11     | Reached skill level 6 in Evocations
 10779 | D:11     | Killed a two-headed ogre
 10780 | D:11     | Reached skill level 9 in Fighting
 10973 | D:11     | Reached skill level 6 in Throwing
 11049 | D:11     | Found Ribief's Weapon Shop.
 11107 | D:11     | Found a staircase to the Orcish Mines.
 11238 | D:11     | Found Orghof's Armour Shop.
 11294 | D:11     | Found Ujadedusm's Assorted Antiques.
 11302 | D:11     | Bought a grey potion for 21 gold pieces
 11354 | D:11     | Bought a potion of cancellation for 120 gold pieces
 11493 | D:11     | Found Zaleg's Assorted Antiques.
 11686 | Temple   | Entered the Ecumenical Temple
 11807 | Orc:1    | Entered Level 1 of the Orcish Mines
 11807 | Orc:1    | Noticed Erolcha
 11811 | Orc:1    | Noticed Jorgrun
 11815 | Orc:1    | Killed Erolcha
 11816 | Orc:1    | Reached XP level 12. HP: 104/104 MP: 17/17
 11826 | Orc:1    | Killed Jorgrun
 11827 | Orc:1    | Reached skill level 13 in Axes
 11827 | Orc:1    | Reached skill level 8 in Invocations
 11845 | Orc:1    | Reached **** piety under Beogh
 11904 | Orc:1    | Found a transporter.
 11906 | Orc:1    | Noticed a two-headed ogre
 11907 | Orc:1    | Identified the +0 dire flail "Dragonslayer" {heavy, SInv}
 11907 | Orc:1    | Noticed a two-headed ogre
 11907 | Orc:1    | Noticed Sutatoab's ghost (journeyman HuIE)
 11907 | Orc:1    | Noticed a two-headed ogre
 11911 | Orc:1    | Found a transporter.
 11931 | Orc:1    | Noticed Sonja
 11950 | Orc:1    | Noticed an orc high priest
 11954 | Orc:1    | Killed Sonja
 11956 | Orc:1    | Killed an orc high priest
 11977 | Orc:1    | Found a roughly hewn altar of Beogh.
 12052 | Orc:2    | Entered Level 2 of the Orcish Mines
 12052 | Orc:2    | Found Med Reps's Distillery.
 12125 | Orc:2    | Gained Berold as an ally
 12129 | Orc:2    | Found Cysop's Assorted Antiques.
 12132 | Orc:2    | Found a staircase to the Elven Halls.
 12189 | Orc:2    | Bought a scroll labelled VEFREU IVONISS for 38 gold pieces
 12189 | Orc:2    | Bought a ruby potion for 34 gold pieces
 12209 | Orc:2    | Found Asyvofiz's Jewellery Shoppe.
 12288 | Orc:2    | Found Wunes's Distillery.
 12344 | Orc:1    | Reached ***** piety under Beogh
 12355 | Orc:1    | Found a dark tunnel.
 12360 | Volcano  | Entered a volcano
 12448 | Volcano  | Reached skill level 6 in Dodging
 12620 | Volcano  | Reached skill level 9 in Armour
 12620 | Volcano  | Reached skill level 7 in Evocations
 12713 | Volcano  | Reached skill level 10 in Fighting
 12713 | Volcano  | Reached skill level 9 in Invocations
 12724 | Volcano  | Reached skill level 14 in Axes
 13550 | D:11     | Bought a scroll of identify for 60 gold pieces
 13550 | D:11     | Bought a viscous cyan potion for 27 gold pieces
 13550 | D:11     | Bought a scroll labelled GAK LYTUROT for 30 gold pieces
 13550 | D:11     | Bought a potion of curing for 90 gold pieces
 13550 | D:11     | Bought a scroll of teleportation for 90 gold pieces
 13593 | D:11     | Bought a potion of invisibility for 120 gold pieces
 13627 | Orc:2    | Bought a potion of heal wounds for 60 gold pieces
 13627 | Orc:2    | Bought a potion of haste for 120 gold pieces
 13824 | Orc:2    | Reached skill level 7 in Throwing
 13826 | Orc:2    | Your ally Berold died
 13831 | Orc:2    | Noticed a sun demon
 13839 | Orc:2    | Noticed a soul eater
 13842 | Orc:2    | Noticed an orc high priest
 13848 | Orc:2    | Reached XP level 13. HP: 55/113 MP: 19/19
 14079 | Orc:2    | Paralysed by an orc sorcerer for 5 turns
 14419 | Orc:2    | Gained Wardok as an ally
 14542 | Orc:2    | Found Lesh's Jewellery Boutique.
 14547 | Orc:2    | Found Luissa Decu's Book Emporium.
 14554 | Orc:2    | Found Emaicry's Distillery.
 14556 | Orc:2    | Found Icuin's General Store.
 14565 | Orc:2    | Bought a scroll of identify for 24 gold pieces
 14649 | Lair:1   | Entered Level 1 of the Lair of Beasts
 15535 | Lair:2   | Reached skill level 15 in Axes
 15671 | Lair:2   | Reached skill level 10 in Invocations
 15674 | Lair:2   | Gained Zartorak as an ally
 15865 | Lair:2   | Your ally Zartorak died
 15947 | Lair:2   | Found a staircase to the Snake Pit.
 16287 | Lair:2   | Found a staircase to the Swamp.
 16306 | Lair:2   | Reached skill level 10 in Armour
 16378 | Lair:3   | Reached skill level 11 in Fighting
 16379 | Lair:3   | Reached skill level 7 in Dodging
 16379 | Lair:3   | Reached skill level 8 in Evocations
 16441 | Lair:2   | Gained Korbok as an ally
 17196 | Lair:1   | Reached XP level 14. HP: 69/124 MP: 21/21
 17468 | Lair:2   | Reached skill level 8 in Throwing
 17632 | Lair:3   | Reached skill level 16 in Axes
 18103 | Lair:3   | Found a blossoming altar of Fedhas.
 18641 | Lair:4   | Found a staircase to the Slime Pits.
 18751 | Lair:4   | Found a viscous altar of Jiyva.
 18836 | Lair:4   | Reached skill level 11 in Invocations
 19150 | Lair:4   | Reached ****** piety under Beogh
 19150 | Lair:4   | Gained Arbeogh as an ally
 19477 | Lair:4   | Paralysed by a floating eye for 4 turns
 20034 | Lair:4   | Found a runed translucent gate.
 20034 | Lair:4   | Found a runed translucent gate.
 20034 | Lair:4   | Found a runed translucent gate.
 20038 | Lair:4   | Noticed t4s4d4r's ghost (journeyman OpSh)
 20455 | Lair:5   | Entered Level 5 of the Lair of Beasts
 20520 | Lair:4   | Reached skill level 12 in Fighting
 20718 | Lair:4   | Reached skill level 11 in Armour
 20719 | Lair:4   | Reached skill level 17 in Axes
 20719 | Lair:4   | Reached skill level 9 in Evocations
 21162 | Lair:5   | Reached XP level 15. HP: 90/132 MP: 23/23
 21712 | Lair:4   | Reached skill level 8 in Dodging
 21940 | Lair:5   | Reached skill level 9 in Throwing
 22995 | D:12     | Slain by an enormous slime creature

Illustrated notes

Levels and vault maps discovered:
D:1:      dpeg_arrival_shelter, layout_basic
D:2:      layout_rooms, serial_forest, infiniplex_forest_clump_tiny,
          infiniplex_forest_clump_small, infiniplex_forest_clump_diagonal,
          infiniplex_forest_straight_3, infiniplex_forest_clump_small,
          serial_shops, nicolae_shop_waterfront
D:3:      layout_loops_corners, nicolae_overflow_macrodata_refinement,
          shapermc_ecumenical_altar_hornbeckon
D:4:      layout_basic, gammafunk_temple_overflow_wave
D:5:      layout_basic, serial_shops, nicolae_shop_tiny_real_fake_doors,
          hex_tiny, minmay_quadrilaterals
D:6:      layout_basic, lemuel_round_altar, kennysheep_mini_moat
D:7:      layout_layer_cave, minmay_temple_entry_statues_pillars,
          hangedman_decor_peaks_small, kennysheep_generic_room_13
D:8:      layout_rooms
D:9:      layout_roguey, doesnt_xom_only_xom, nicolae_elevator_lobby_plus
D:10:     minmay_general_purpose_star, layout_loops_cross, serial_shops,
          nicolae_shop_tiny_statue_garden, columned_hall_lemuel, pond
D:11:     layout_irregular_city, due_lair_maze_entry_diamond, david_orc_3,
          serial_shops, nicolae_shop_tiny_glass, shop, shop, shop,
          nicolae_shop_bloodbath_and_beyond, minmay_misc_feat_ornament
D:12:     layout_long_grid
Temple:   nicolae_temple_bog_church
Lair:1:   layout_hall_layers
Lair:2:   layout_gridlike, palyth_hydra_swamp_entry, dummy_snake_entry,
          serial_bayou_pond_b
Lair:3:   layout_chaotic_city, serial_bayou_ford_a, tgw_fedhas
Lair:4:   layout_loops_ring, nicolae_slime_entry_field_trip,
          ebering_ghost_rock_garden, disabler_island
Lair:5:   grunt_lair_end_beastmaster, layout_gridlike, lemuel_fruit_fields,
          lemuel_fruit_tree, grunt_megastairs_4
Orc:1:    layout_diamond_mine, enter_volcano_4, gammafunk_ghost_smash,
          basic_altar, uniq_jorgrun, uniq_sonja, uniq_erolcha
Orc:2:    st_orc_elflike, layout_caves, serial_shops, nicolae_shop_gaudy_bauble,
          nicolae_shop_trees, shop, nicolae_shop_trees

Skill      XL: |  1  2  3  4  5  6  7  8  9 10 11 12 13 14 15 |
---------------+----------------------------------------------+-----
Axes           | 3 4 5 6 8 9 11 12 14 15 17 | 17.7
Fighting       | 4 5 6 7 8 9 10 11 12 | 12.5
Dodging        | 1 2 3 4 5 6 7 8 |  8.2
Throwing       | 1 2 3 4 5 6 7 8 9 |  9.1
Armour         | 4 5 6 7 8 9 10 11 | 11.4
Evocations     | 1 2 3 4 5 6 7 8 9 |  9.4
Invocations    | 1 3 5 6 7 9 10 11 | 11.9
Shields        | |  3.2

Action                     |  1- 3 |  4- 6 |  7- 9 | 10-12 | 13-15 || total
---------------------------+-------+-------+-------+-------+-------++-------
  Melee: War axe           |   128 |   121 |   316 |   571 |       ||  1136
         Battleaxe         |       |       |       |    30 |   630 ||   660
  Throw: Dart              |       |       |     1 |    14 |       ||    15
 Invoke: Convert to Beogh  |       |       |     1 |       |       ||     1
         Smiting           |       |       |     3 |     8 |    10 ||    21
  Evoke: Wand              |       |     1 |     1 |    20 |       ||    22
    Use: Potion            |       |       |     4 |     4 |     4 ||    12
         Scroll            |       |       |       |     8 |    11 ||    19
   Stab: Paralysed         |       |     5 |       |     9 |       ||    14
         Distracted        |       |       |       |     2 |       ||     2
         Petrifying        |       |       |       |       |     2 ||     2
         Petrified         |       |       |       |       |     1 ||     1
 Armour: Scale mail        |    62 |    61 |    29 |       |       ||   152
         Chain mail        |       |       |   117 |       |       ||   117
         Plate armour      |       |       |   121 |   254 |   397 ||   772
  Dodge: Dodged            |    52 |    32 |   132 |   308 |   250 ||   774
  Block: Buckler           |    31 |    26 |    73 |   122 |       ||   252

Table legend: (Time is in decaauts)
 A = Elapsed time spent in this place.
 B = Non-inter-level travel time spent in this place.
 C = Inter-level travel time spent in this place.
 D = Time resting spent in this place.
 E = Time spent auto-exploring this place.
 F = Levels seen in this place.
 G = Mean time per level.
                   A        B        C        D        E       F      G
               +--------+--------+--------+--------+--------+-----+--------+
         Total |  23099 |  21512 |   1587 |   6945 |  10020 |  21 | 1100.0 |
       Dungeon |  12328 |  11310 |   1018 |   2547 |   6606 |  12 | 1027.3 |
        Temple |      1 |      0 |      1 |      0 |      0 |   1 |    1.0 |
          Lair |   8079 |   7597 |    482 |   3373 |   3063 |   5 | 1615.8 |
  Orcish Mines |   1644 |   1560 |     84 |    495 |    351 |   2 |  822.0 |
       Volcano |   1045 |   1045 |      0 |    530 |      0 |   1 | 1045.0 |
               +--------+--------+--------+--------+--------+-----+--------+

Top non-repeatable levels by time:
  Lair:4: 2530 daAuts
    D:10: 1801 daAuts
     D:7: 1569 daAuts
  Lair:3: 1510 daAuts
  Lair:2: 1417 daAuts
     D:4: 1385 daAuts
  Lair:1: 1383 daAuts
     D:6: 1261 daAuts
  Lair:5: 1239 daAuts
     D:9: 1135 daAuts
     D:3: 1107 daAuts
   Orc:2: 1073 daAuts
 Volcano: 1045 daAuts
     D:5: 1015 daAuts
    D:11: 953 daAuts
